 Dungeon Crawl Stone Soup version 0.18.1-8-gdd0e5ea (webtiles) character file.

10761 nikopol the Cleaver (level 11, -6/151 HPs)
             Began as a Hill Orc Berserker on May 31, 2016.
             Was a High Priest of Trog.
             Mangled by Snorg (11 damage)
             ... on level 10 of the Dungeon.
             The game lasted 00:31:43 (10951 turns).

nikopol the Cleaver (Hill Orc Berserker)           Turns: 10951, Time: 00:31:44

Health: -6/151     AC: 16    Str: 27    XL:     11   Next: 67%
Magic:  3/3        EV: 12    Int:  7    God:    Trog [*****.]
Gold:   382        SH:  0    Dex: 12    Spells: 0 memorised, 10 levels left

rFire  + . .     SeeInvis .     J - +4 battleaxe (antimagic)
rCold  . . .     Gourm    .     f - +3 chain mail {MR+}
rNeg   + . .     Faith    .     (shield currently unavailable)
rPois  .         Spirit   .     (no helmet)
rElec  .         Dismiss  .     p - +1 cloak
rCorr  .         Reflect  .     (no gloves)
SustAt .         Harm     .     (no boots)
MR     +....                    (no amulet)
Stlth  ..........               R - ring of protection from fire
                                P - ring of positive energy

@: berserking (expiring), very quick, somewhat resistant to hostile
enchantments, extremely unstealthy
A: no striking features
a: Berserk, Trog's Hand, Brothers in Arms, Burn Spellbooks, Renounce Religion


You were on level 10 of the Dungeon.
You worshipped Trog.
Trog was extremely pleased with you.
You were hungry.

You visited 1 branch of the dungeon, and saw 10 of its levels.

You collected 490 gold pieces.
You spent 108 gold pieces at shops.

Inventory:

Hand Weapons
 a - a +0 hand axe
 b - a +0 battleaxe
 J - a +4 antimagic battleaxe (weapon)
Missiles
 r - 147 arrows (quivered)
Armour
 f - a +3 chain mail of magic resistance (worn)
 p - a +1 cloak (worn)
 D - a +1 leather armour of poison resistance
 H - a +9 plate armour of ponderousness
 L - a +0 chain mail of cold resistance
Jewellery
 u - an uncursed amulet of dismissal
 I - an uncursed amulet of magic regeneration
 P - a ring of positive energy (left hand)
 R - a ring of protection from fire (right hand)
Wands
 y - a wand of iceblast (6/15)
 Q - a wand of confusion (15/48)
Scrolls
 e - a scroll of immolation {unknown}
 g - a scroll of enchant weapon {unknown}
 h - 7 scrolls of remove curse
 i - 5 scrolls of amnesia {unknown}
 l - 2 scrolls of fear {unknown}
 m - 5 scrolls of fog {unknown}
 q - 12 scrolls of identify {unknown}
 t - 2 scrolls of enchant armour {unknown}
 v - 2 scrolls of magic mapping {unknown}
 z - a scroll of blinking {unknown}
 G - 4 scrolls of teleportation {unknown}
Potions
 d - 2 potions of heal wounds {unknown}
 j - 2 potions of cancellation {unknown}
 k - a potion of degeneration {unknown}
 n - 3 potions of brilliance {unknown}
 o - a potion of might {unknown}
 s - a potion of resistance {unknown}
 w - a potion of berserk rage {unknown}
 x - 2 potions of flight {unknown}
 A - a potion of agility {unknown}
 B - a potion of invisibility {unknown}
 C - a potion of magic {unknown}
 F - a potion of cure mutation {unknown}
 N - a potion of curing {unknown}
Books
 M - a book of Annihilations

   Spells                             Type                      Level
   a - Poison Arrow                   Conjuration/Poison           6
   b - Chain Lightning                Conjuration/Air              8
   c - Lehudib's Crystal Spear        Conjuration/Earth            8
   d - Glaciate                       Conjuration/Ice              9
   e - Fire Storm                     Conjuration/Fire             9
   Trog disapproves of the use of such an item.
Comestibles
 c - 3 bread rations
 E - 2 meat rations
 K - 7 royal jellies
 O - a beef jerky


   Skills:
 + Level 10.4 Fighting
 * Level 14.5 Axes
 + Level 9.3 Armour
 + Level 7.0 Dodging


You had 10 spell levels left.
You didn't know any spells.

Dungeon Overview and Level Annotations

Branches:
Dungeon (10/15)            Temple (0/1) D:4
   Lair: D:8-11         Orc: D:9-12

Altars:
Ashenzari
Dithmenos
Fedhas
Gozag
Kikubaaqudgha
Nemelex Xobeh
Okawaru
Pakellas
Trog
Xom
Yredelemnul
Zin
The Shining One

Shops:
D:3 *   D:6 *

Annotations:
D:10 Snorg


Message History

The orc warrior is moderately wounded.
Snorg bites you. Snorg claws you but does no damage. Snorg claws you!
The orc warrior hits you with a trident!
You slice Snorg!!
Snorg is severely wounded.
You hit the orc warrior.
The orc warrior is moderately wounded.
Snorg bites you. Snorg misses you. Snorg claws you but does no damage.
The orc warrior hits you with a trident!
* * * LOW HITPOINT WARNING * * *
Your chain mail prevents you from hitting Snorg.
Snorg is severely wounded.
You hit the orc warrior.
The orc warrior is moderately wounded.
Snorg bites you!!
* * * LOW HITPOINT WARNING * * *
Snorg claws you!
* * * LOW HITPOINT WARNING * * *
Snorg claws you!
You die...

##.#####......#
##.#
##..###.####
...# #...#
#<)..# ####
#...###.##.# #
#.......##.# #
#..##.####.# #
####### #.# #)#
#@#


..oooooT# ....oooo# ......oo# ..#...#.# . ##8##.# ## ## #.# .# #.# .# You could
see Snorg (berserk), 2 orc warriors, 2 orc wizards and 7 orcs.

Vanquished Creatures
  A queen ant (D:8)
  Pikel (D:4)
  Joseph (D:8)
  3 polar bears (D:7)
  A queen bee (D:8)
  2 two-headed ogres
  A wyvern (D:8)
  2 humans (D:8)
  3 yaks (D:10)
  2 hippogriffs
  Edmund (D:4)
  A water moccasin (D:5)
  15 soldier ants (D:8)
  5 orc warriors
  2 sky beasts
  2 black bears
  3 ice beasts
  2 phantoms
  5 ogres
  2 wolves (D:7)
  5 giant frogs
  15 killer bees
  A scorpion (D:8)
  4 crimson imps
  A giant frog zombie (D:8)
  3 hounds
  A jelly (D:10)
  7 orc priests
  Crazy Yiuf (D:4)
  A centaur skeleton (D:10)
  2 giant frog skeletons
  8 orc wizards
  Ijyb (D:2)
  3 iguanas
  33 worker ants (D:8)
  3 sheep (D:7)
  3 gnolls (D:10)
  12 adders
  3 shadow imps
  2 adder skeletons
  A worm (D:4)
  2 dart slugs
  11 giant geckos
  28 orcs
  8 giant cockroaches
  5 goblins
  5 hobgoblins
  12 jackals
  4 kobolds
  7 quokkas
  A ball python (D:6)
  6 bats
  A giant gecko skeleton (D:4)
  2 giant newts (D:2)
  10 rats
267 creatures vanquished.

Vanquished Creatures (collateral kills)
  A polar bear (D:6)
  4 killer bees (D:8)
5 creatures vanquished.

Vanquished Creatures (others)
  A giant newt (D:4)
1 creature vanquished.

Grand Total: 273 creatures vanquished

Notes
Turn   | Place    | Note
--------------------------------------------------------------
     0 | D:1      | nikopol the Hill Orc Berserker began the quest for the Orb.
     0 | D:1      | Reached XP level 1. HP: 19/19 MP: 1/1
   141 | D:1      | Reached XP level 2. HP: 24/27 MP: 2/2
   584 | D:2      | Reached XP level 3. HP: 29/33 MP: 3/3
   632 | D:2      | Reached ** piety under Trog
   632 | D:2      | Reached XP level 4. HP: 32/40 MP: 4/4
   971 | D:2      | Noticed Ijyb
   980 | D:2      | Killed Ijyb
   980 | D:2      | Reached skill level 5 in Axes
  1544 | D:3      | Reached XP level 5. HP: 44/47 MP: 5/5
  1728 | D:3      | Found a sparkling altar of Nemelex Xobeh.
  1835 | D:3      | Found Gozag's Platinum Reserve.
  2003 | D:3      | Found an opulent altar of Gozag.
  2057 | D:3      | Reached *** piety under Trog
  2297 | D:4      | Noticed Pikel
  2297 | D:4      | Noticed a slave
  2298 | D:4      | Noticed a slave
  2298 | D:4      | Noticed a slave
  2298 | D:4      | Noticed a slave
  2321 | D:4      | Killed Pikel
  2321 | D:4      | Reached skill level 5 in Fighting
  2321 | D:4      | Reached skill level 7 in Axes
  2321 | D:4      | Reached XP level 6. HP: 57/57 MP: 6/6
  2321 | D:4      | Reached XP level 7. HP: 62/62 MP: 7/7
  2470 | D:4      | Found a bloodstained altar of Trog.
  2537 | D:4      | Found a staircase to the Ecumenical Temple.
  2879 | D:4      | Noticed Crazy Yiuf
  2897 | D:4      | Killed Crazy Yiuf
  2897 | D:4      | Received a gift from Trog
  3035 | D:4      | Noticed Edmund
  3050 | D:4      | Killed Edmund
  3050 | D:4      | Reached skill level 8 in Axes
  3152 | D:4      | Reached XP level 8. HP: 68/70 MP: 8/8
  3246 | D:4      | Found a shimmering altar of Xom.
  3306 | D:5      | Entered Level 5 of the Dungeon
  3578 | D:5      | Reached skill level 5 in Armour
  3863 | D:5      | Reached skill level 9 in Axes
  5259 | D:6      | Found Xuliyc's Assorted Antiques.
  5267 | D:6      | Bought a shiny chain mail for 108 gold pieces
  5337 | D:7      | Reached **** piety under Trog
  5357 | D:7      | Reached XP level 9. HP: 78/78 MP: 9/9
  5358 | D:7      | Reached skill level 10 in Axes
  6034 | D:7      | Reached skill level 5 in Dodging
  6051 | D:7      | Found a huge runed gate.
  6051 | D:7      | Found a huge runed gate.
  6051 | D:7      | Found a huge runed gate.
  6054 | D:7      | Noticed a polar bear
  6056 | D:7      | Noticed a polar bear
  6056 | D:7      | Noticed a griffon
  6057 | D:7      | Noticed a polar bear
  6057 | D:7      | Noticed a polar bear
  6058 | D:7      | Found a huge runed gate.
  6091 | D:7      | Reached skill level 11 in Axes
  6325 | D:7      | Killed a polar bear
  6331 | D:7      | Killed a polar bear
  6339 | D:7      | Killed a polar bear
  6339 | D:7      | Reached XP level 10. HP: 67/88 MP: 10/10
  6730 | D:7      | Reached skill level 12 in Axes
  7231 | D:8      | Found a shattered altar of Ashenzari.
  7328 | D:8      | Reached ***** piety under Trog
  7491 | D:8      | Noticed a queen ant
  7518 | D:8      | Killed a queen ant
  7858 | D:8      | Reached skill level 13 in Axes
  8350 | D:8      | Reached XP level 11. HP: 97/97 MP: 11/11
  8419 | D:8      | Noticed Joseph
  8432 | D:8      | Killed Joseph
  8590 | D:8      | Found a basalt altar of Yredelemnul.
  8594 | D:8      | Found an oddly glowing altar of Pakellas.
  8594 | D:8      | Found an ancient bone altar of Kikubaaqudgha.
  8607 | D:8      | Found a glowing silver altar of Zin.
  8610 | D:8      | Found a shadowy altar of Dithmenos.
  8694 | D:8      | Received a gift from Trog
  9144 | D:8      | Reached skill level 10 in Fighting
  9144 | D:8      | Reached skill level 14 in Axes
  9666 | D:8      | Found an iron altar of Okawaru.
  9972 | D:9      | Found a blossoming altar of Fedhas.
 10462 | D:9      | Found a glowing golden altar of the Shining One.
 10618 | D:10     | Entered Level 10 of the Dungeon
 10922 | D:10     | Noticed Snorg
 10951 | D:10     | HP: 5/151 [Snorg (9)]
 10951 | D:10     | Mangled by Snorg

Skill      XL: |  1  2  3  4  5  6  7  8  9 10 11 |
---------------+----------------------------------+-----
Fighting       | 4 5 6 8 9 10 | 10.4
Dodging        | 2 3 4 5 6 7 |  7.0
Axes           | 5 7 8 9 11 13 14 | 14.5
Armour         | 3 4 5 7 8 9 |  9.3

Action                   |  1- 3 |  4- 6 |  7- 9 | 10-12 || total
-------------------------+-------+-------+-------+-------++-------
Melee: Hand axe          |    68 |   158 |   292 |       ||   518
       Battleaxe         |       |       |   123 |   470 ||   593
Invok: Berserk           |       |     1 |     8 |    12 ||    21
       Burn Spellbooks   |       |       |       |     2 ||     2
       Brothers in Arms  |       |       |       |     2 ||     2
       Trog's Hand       |       |       |       |     1 ||     1
  Use: Scroll            |       |       |     1 |       ||     1
 Stab: Sleeping          |       |       |     2 |       ||     2
  Eat: Chunk             |       |     4 |    18 |    17 ||    39
       Fruit             |       |       |     3 |       ||     3
       Beef jerky        |       |       |     1 |       ||     1
       Pizza             |       |       |       |     1 ||     1
       Bread ration      |       |       |       |     2 ||     2
Armor: Animal skin       |     8 |       |       |       ||     8
       Leather armour    |    21 |    57 |    64 |       ||   142
       Chain mail        |       |       |    71 |   263 ||   334
Dodge: Dodged            |    59 |    92 |   198 |   284 ||   633
